 Dungeon Crawl Stone Soup version 0.29.1-1-gd02db6906a (webtiles) character file.

Game seed: 3367772306207188700

79 Theotherone the Chopper (level 4, -3/58 HPs)
             Began as a Minotaur Berserker on Oct 9, 2022.
             Was a Believer of Trog.
             Slain by a gnoll
             ... wielding a +0 flail
              (8 damage)
             ... on level 2 of the Dungeon.
             The game lasted 00:03:40 (1529 turns).

Theotherone the Chopper (Minotaur Berserker)        Turns: 1529, Time: 00:03:40

Health: -3/58      AC:  2    Str: 23    XL:     4   Next: 17%
Magic:  3/3        EV: 10    Int:  4    God:    Trog [**....]
Gold:   17         SH:  6    Dex: 10    Spells: 3/3 levels left

rFire   . . .      SeeInvis .   a - +0 hand axe
rCold   . . .      Faith    .   h - +0 kite shield
rNeg    . . .      Spirit   .   b - +0 animal skin
rPois   .          Reflect  .   (helmet restricted)
rElec   .          Harm     .   (no cloak)
rCorr   .          Rampage  .   (no gloves)
Will    .....                   (no boots)
Stlth   ..........              (no amulet)
HPRegen 0.19/turn               (no ring)
MPRegen 0.08/turn               (no ring)

@: berserking, very quick
A: horns 2, retaliatory headbutt
a: Renounce Religion, Berserk, Trog's Hand


You were on level 2 of the Dungeon.
You worshipped Trog.
Trog was pleased with you.
You visited 1 branch of the dungeon, and saw 2 of its levels.

You collected 28 gold pieces.
You spent 11 gold pieces at shops.

Inventory:

Hand Weapons
 a - a +0 hand axe (weapon)
 l - a +2 flail of protection
Missiles
 j - 26 stones (quivered)
Armour
 b - a +0 animal skin (worn)
 h - a +0 kite shield (worn)
Scrolls
 e - 2 scrolls of teleportation {unknown}
 f - a scroll of noise {unknown}
 g - a scroll of poison {unknown}
 k - a scroll of fog {unknown}
 m - a scroll of enchant armour {unknown}
 n - 2 scrolls of brand weapon {unknown}
Potions
 c - 3 potions of flight {unknown}
 d - a potion of haste {unknown}
 i - 2 potions of curing {unknown}


   Skills:
 - Level 3.6 Fighting
 + Level 6.1 Axes
 - Level 2.4 Armour
 - Level 2.1 Dodging


You had 3 spell levels left.
You didn't know any spells.
Your spell library was empty.

Dungeon Overview and Level Annotations

Branches:
Dungeon (2/15)

Altars:

Shops:
D:2 !


Innate Abilities, Weirdness & Mutations

You have a pair of horns on your head.
You reflexively headbutt those who attack you in melee.


Message History

A gnoll comes into view. It is wielding a +0 spear.
The gnoll shouts!
A gnoll comes into view. It is wielding a +0 flail.
A hobgoblin comes into view.
The gnoll barely misses you. The gnoll hits you with a +0 flail!
You closely miss the gnoll. You headbutt the gnoll!
The gnoll is severely wounded.
You hit the gnoll. You block the gnoll's attack.
The gnoll hits you with a +0 flail.
You hit the gnoll.
You kill the gnoll!
Trog accepts your kill.
You hit the gnoll.
Your Axes skill increases to level 6!
You have reached level 4!
You feel agile.
A red film seems to cover your vision as you go berserk!
You feel yourself moving faster!
You feel mighty! The hobgoblin closely misses you. The gnoll barely misses you.
You furiously retaliate!
You headbutt the gnoll!
You kill the gnoll!
Trog accepts your kill.
You feel a strong urge to attack something.
The gnoll hits you with a +0 flail! You block the hobgoblin's attack.
The gnoll closely misses you.
You see here a +0 spear.
You barely miss the gnoll. You closely miss the hobgoblin.
The gnoll hits you with a +0 flail!
* * * LOW HITPOINT WARNING * * *
The hobgoblin hits you.
* * * LOW HITPOINT WARNING * * *
The gnoll hits you from afar with a +0 spear!
* * * LOW HITPOINT WARNING * * *
You barely miss the gnoll. You slash the hobgoblin!
You kill the hobgoblin!
Trog accepts your kill.
You slash the gnoll!
The gnoll is severely wounded.
The gnoll hits you with a +0 flail!
You die...

#.....# #....#
#####..###.#
####.# ...#..#
#.# .#
###.#..# #.# #
..#....# #.#
#.#.#.....# #.
#.#.#.....#
##.#.#..^..#
#..@.#.......
#..)g#.####..#
#...g... ..#
#..#$#.# ..
#..#.#.#
...... .
....### #.
###.# ..


You could see 2 gnolls.

Vanquished Creatures
  2 gnolls (D:2)
  2 adders (D:2)
  2 dart slugs
  6 bats
  6 endoplasms (D:1)
  2 giant cockroaches
  2 goblins
  4 hobgoblins
  A jackal (D:2)
  A quokka (D:1)
  3 ball pythons (D:1)
  A frilled lizard (D:1)
  4 kobolds
  A rat (D:2)
37 creatures vanquished.

Vanquished Creatures (others)
  A plant (D:2)
1 creature vanquished.

Grand Total: 38 creatures vanquished

Notes
Turn   | Place    | Note
-------+----------+-------------------------------------------
     0 | D:1      | Theotherone the Minotaur Berserker began the quest for the
                  | Orb.
     0 | D:1      | Reached XP level 1. HP: 19/19 MP: 0/0
   166 | D:1      | Found a faded altar of an unknown god.
   207 | D:1      | Reached skill level 4 in Axes
   222 | D:1      | Reached XP level 2. HP: 21/26 MP: 1/1
   784 | D:1      | Reached ** piety under Trog
   785 | D:1      | Reached skill level 5 in Axes
  1221 | D:2      | Found Adof's Distillery.
  1225 | D:2      | Bought a potion of degeneration for 11 gold pieces
  1256 | D:2      | Reached XP level 3. HP: 31/31 MP: 2/2
  1525 | D:2      | Reached skill level 6 in Axes
  1525 | D:2      | Reached XP level 4. HP: 20/39 MP: 3/3
  1529 | D:2      | Slain by a gnoll

Illustrated notes

Levels and vault maps discovered:
D:1:      heliophobic_arrival_glass_houses, layout_basic,
          hellmonk_ecumenical_altar_heavens_door, kennysheep_small_spiral
D:2:      layout_loops_ring, serial_shops, nicolae_shop_hallway_stairs,
          serial_bayou, serial_bayou_ford_a, serial_bayou_pond_c,
          serial_bayou_pond_e, serial_bayou_pond_c, serial_bayou_shore_a,
          minivault_24, amcnicky_mini_corridor_feature, minmay_tripent

Skill      XL: |  1  2  3 |
---------------+----------+-----
Axes           | 4 5 6 |  6.1
Fighting       | |  3.6
Armour         | |  2.4
Dodging        | |  2.1

Action                   |  1- 3 |  4- 6 || total
-------------------------+-------+-------++-------
Melee: Hand axe          |    68 |     3 ||    71
       Headbutt          |    13 |       ||    13
Invok: Berserk           |       |     1 ||     1
Armor: Animal skin       |    13 |       ||    13
Dodge: Dodged            |    34 |     3 ||    37
Block: Kite shield       |    17 |     1 ||    18
